AoeStats
← djraco

Black Forest

508711635Analyzed
2v2 RM · 9d ago on Sep 23, 2026· 90m 38s· 4 players
Game mode
Random Map
Map size
Medium (4 player)
Population
200
Speed
Normal
Resources
Standard
Victory
Conquest
Starting age
Dark Age
Ending age
Imperial Age
RankedLock teamsTeams togetherTeam positionsShared explorationLock speedFull tech treeHidden civsTurbo modeCheats
Victory
Defeat
🇪🇸 Byzantines · Spain
629
+17
🇪🇸 Goths · Spain
618
+17
🇩🇪 Japanese · Germany
640
-31
🇩🇪 Portuguese · Germany
640
-31
Tinerneitor
0:33 Loom
17:21 Feudal Age
20:56 Wheelbarrow
20:07 Town Watch
20:09 Double-Bit Axe
23:23 Stone Mining
24:14 Gold Mining
26:31 Castle Age
27:34 Hand Cart
27:20 Town Patrol
35:17 Bow Saw
36:15 Caravan
36:55 Horse Collar
37:55 Stone Shaft Mining
37:32 Forging
37:22 Scale Mail Armor
39:58 Heavy Plow
46:21 Imperial Age
44:18 Squires
43:39 Pikeman
44:22 Anarchy
45:20 Iron Casting
45:01 Chain Mail Armor
46:28 Onager
48:21 Chemistry
47:41 Ballistics
47:32 Masonry
47:21 Murder Holes
47:29 Halberdier
47:32 Elite Skirmisher
49:57 Two-Man Saw
49:59 Blast Furnace
49:00 Padded Archer Armor
48:51 Fletching
50:14 Scale Barding Armor
51:25 Conscription
51:06 Perfusion
50:28 Elite Huskarl
53:11 Leather Archer Armor
52:51 Bodkin Arrow
53:17 Chain Barding Armor
53:29 Architecture
54:13 Crop Rotation
55:33 Ring Archer Armor
55:03 Bracer
djraco
0:29 Loom
15:13 Feudal Age
16:46 Wheelbarrow
15:54 Horse Collar
16:05 Double-Bit Axe
21:18 Stone Mining
21:19 Gold Mining
31:09 Castle Age
29:57 Scale Barding Armor
29:53 Scale Mail Armor
29:54 Padded Archer Armor
29:44 Fletching
30:05 Forging
32:21 Hand Cart
32:08 Heavy Plow
32:19 Bow Saw
33:41 Coinage
33:53 Stone Shaft Mining
34:39 Caravan
35:05 Fortified Wall
34:42 Treadmill Crane
35:23 Ballistics
34:59 Murder Holes
36:36 Gold Shaft Mining
41:11 Imperial Age
42:36 Crop Rotation
43:11 Two-Man Saw
42:27 Guilds
42:47 Banking
43:19 Chemistry
43:08 Conscription
44:51 Hoardings
45:29 Logistica
45:43 Chain Barding Armor
45:39 Leather Archer Armor
46:27 Chain Mail Armor
46:08 Bodkin Arrow
46:47 Elite Cataphract
49:40 Plate Barding Armor
50:58 Iron Casting
50:10 Arson
50:26 Squires
49:46 Pikeman
51:06 Halberdier
54:25 Ring Archer Armor
54:27 Plate Mail Armor
56:06 Husbandry
64:37 Bracer
68:32 Elite Skirmisher
72:59 Onager
73:00 Capped Ram
75:20 Siege Ram
89:34 Elite Varangian Guard
Valor
6:05 Loom
10:40 Feudal Age
11:35 Double-Bit Axe
11:44 Gold Mining
11:38 Horse Collar
13:04 Stone Mining
20:17 Castle Age
18:45 Fletching
19:30 Padded Archer Armor
23:19 Leather Archer Armor
24:22 Caravan
29:28 Bow Saw
32:14 Imperial Age
30:26 Wheelbarrow
30:00 Heavy Plow
31:58 Man-at-Arms
32:24 Gambesons
32:58 Hand Cart
35:30 Two-Man Saw
35:03 Crop Rotation
35:14 Stone Shaft Mining
35:43 Onager
36:20 Elite Organ Gun
37:49 Long Swordsman
40:14 Arquebus
39:46 Two-Handed Swordsman
41:44 Champion
45:45 Forging
45:36 Scale Mail Armor
45:42 Scale Barding Armor
46:25 Arson
49:42 Ballistics
49:42 Masonry
49:14 Treadmill Crane
49:42 Siege Engineers
49:34 Murder Holes
49:50 Fortified Wall
49:31 Heated Shot
50:42 Chemistry
49:54 Circumnavigation
49:25 Sappers
50:15 Conscription
53:03 Architecture
52:43 Siphons
52:28 Guard Tower
52:21 Capped Ram
52:23 Pikeman
57:40 Halberdier
64:42 Thumb Ring
63:58 Crossbowman
63:58 Elite Skirmisher
68:25 Bloodlines
68:16 Husbandry
67:37 Cavalier
69:04 Chain Mail Armor
69:09 Chain Barding Armor
69:24 Iron Casting
68:45 Bodkin Arrow
69:20 Ring Archer Armor
69:14 Bombard Tower
69:29 Keep
69:04 Careening
69:06 Clinker Construction
68:49 Town Watch
83:38 Guilds
84:00 Coinage
Striker
0:38 Loom
13:41 Feudal Age
14:15 Horse Collar
14:34 Gold Mining
15:05 Double-Bit Axe
18:26 Wheelbarrow
25:10 Castle Age
26:33 Hand Cart
26:11 Town Watch
26:59 Bow Saw
26:49 Stone Mining
28:32 Heavy Plow
28:43 Scale Mail Armor
36:37 Imperial Age
34:53 Forging
41:03 Squires
41:48 Iron Casting
42:01 Chain Mail Armor
42:18 Caravan
44:21 Two-Man Saw
45:20 Blast Furnace
44:52 Plate Mail Armor
45:35 Elite Samurai
47:02 Arson
49:17 Hoardings
48:46 Yasama
50:27 Conscription
51:03 Kataparuto
50:42 Fletching
50:53 Padded Archer Armor
51:04 Town Patrol
52:49 Gold Shaft Mining
53:19 Thumb Ring
52:36 Crossbowman
54:32 Arbalester
62:54 Leather Archer Armor
62:34 Bodkin Arrow
65:28 Bracer
67:52 Ring Archer Armor
80:32 Scale Barding Armor
86:05 Husbandry
85:48 Cavalier
86:40 Bloodlines
Connection lost

Rejoining the realm…

Still unreachable

The connection could not be restored.

Session expired

The server has moved on; the page needs a fresh start.